SAA
LANNISTER UNITED LIONHEARTS @ LANCASTER FARMERS
08/25/2033
 
TOP OF THE 1ST
Lannister United Lionhearts batting - Pitching for Lancaster Farmers : RHP Alexander Eatwell
Pitching: RHP Alexander Eatwell
Batting: SHB Bren Spillane 0-0: Called Strike
0-1: Ball
1-1: SINGLE (Groundball, 6MD)
Batting: RHB Bill Boyd 0-0: Called Strike
0-1: Ball
1-1: Ball
2-1: Ball
3-1: Called Strike
3-2: Fly out, F7 (Flyball, 7LMF)
Batting: LHB Michael Witt 0-0: Called Strike
0-1: Ball
1-1: Swinging Strike
1-2: Foul Ball, location: 2F
1-2: Ball
2-2: Ball
3-2: Foul Ball, location: 2F
3-2: Base on Balls
Bren Spillane to second
Batting: RHB Chong-yee Au-Yong 0-0: Ball
Bren Spillane steals 3rd base
Michael Witt to second
1-0: Fly out, F9 (Flyball, 9LM)
Runner from 3rd tags up, SCORES, throw made
Now in RF: Miguel Rodríguez
Batting: SHB Vernon T. Waldrip 0-0: Ball
1-0: Fly out, F7 (Flyball, 7D)
Top of the 1st over - 1 run, 1 hit, 0 errors, 1 left on base; Lannister United 1 - Lancaster 0
BOTTOM OF THE 1ST
Lancaster Farmers batting - Pitching for Lannister United Lionhearts : LHP Tony Torres
Pitching: LHP Tony Torres
Batting: RHB José Xirau 0-0: Called Strike
0-1: Ball
1-1: Foul Ball, location: 2F
1-2: Ball
2-2: Ground out 4-3 (Groundball, 4M)
Batting: RHB Miguel Rodríguez 0-0: Foul Ball, location: 2F
0-1: Ball
1-1: Foul Ball, location: 2F
1-2: Strikes out looking
Batting: RHB Domingo Altamiraño 0-0: Foul Ball, location: 2F
0-1: Called Strike
0-2: Strikes out swinging, 2-3 out at first.
Bottom of the 1st over - 0 runs, 0 hits, 0 errors, 0 left on base; Lannister United 1 - Lancaster 0
TOP OF THE 2ND
Lannister United Lionhearts batting - Pitching for Lancaster Farmers : RHP Alexander Eatwell
Batting: LHB Takahiro Suzuki 0-0: Called Strike
0-1: Swinging Strike
0-2: Foul Ball, location: 2F
0-2: Ground out 4-3 (Groundball, 34)
Batting: LHB Jack Donohue 0-0: Called Strike
0-1: Ball
1-1: Ball
2-1: Ball
3-1: Base on Balls
Batting: RHB Gilberto Clemente 0-0: Ball
1-0: Ball
2-0: Fly out, F7 (Flyball, 78D)
Batting: RHB Riley Walker 0-0: Called Strike
0-1: Swinging Strike
0-2: Ball
1-2: Foul Ball, location: 2F
1-2: Foul Ball, location: 2F
1-2: Foul Ball, location: 2F
1-2: Foul Ball, location: 2F
1-2: SINGLE (Groundball, 4MD)
Jack Donohue to second
Runner from 2nd tries for 3rd, SAFE, no throw
Batting: SHB Bren Spillane 0-0: Foul Ball, location: 2F
0-1: Ball
1-1: Ball
2-1: Ball
3-1: Swinging Strike
3-2: SINGLE (Flyball, 7LS)
Jack Donohue scores
Riley Walker to second
Riley Walker to third
Batting: RHB Bill Boyd 0-0: Ball
1-0: DOUBLE (Line Drive, 7LD)
Riley Walker scores
Bren Spillane to third
Runner from 3rd tries for Home, SAFE, no throw
Batting: LHB Michael Witt 0-0: Ball
1-0: Ball
2-0: Called Strike
2-1: Ball
3-1: Base on Balls
Batting: RHB Chong-yee Au-Yong 0-0: Foul Ball, location: 2F
0-1: Swinging Strike
0-2: Ball
1-2: Fly out, F7 (Flyball, 7LS)
Top of the 2nd over - 3 runs, 3 hits, 0 errors, 2 left on base; Lannister United 4 - Lancaster 0
BOTTOM OF THE 2ND
Lancaster Farmers batting - Pitching for Lannister United Lionhearts : LHP Tony Torres
Batting: LHB Sébastien Cornu 0-0: Foul Ball, location: 2F
0-1: SINGLE (Line Drive, 4MD)
Batting: RHB Min-tae Yi 0-0: Fly out, F7 (Line Drive, 7)
Batting: RHB Jason Slaybaugh 0-0: Foul Ball, location: 2F
0-1: Ball
1-1: Called Strike
1-2: Ball
2-2: Ball
3-2: Strikes out swinging
Batting: RHB Cisco Gómez 0-0: 2-RUN HOME RUN (Flyball, 9LD), Distance : 341 ft
Batting: LHB Alfonso Pacheco 0-0: Ball
1-0: Ball
2-0: Fly out, F4 (Popup, 34)
Bottom of the 2nd over - 2 runs, 2 hits, 0 errors, 0 left on base; Lannister United 4 - Lancaster 2
TOP OF THE 3RD
Lannister United Lionhearts batting - Pitching for Lancaster Farmers : RHP Alexander Eatwell
Batting: SHB Vernon T. Waldrip 0-0: Called Strike
0-1: Called Strike
0-2: Ground out 4-3 (Groundball, 4)
Batting: LHB Takahiro Suzuki 0-0: Ball
1-0: Foul Ball, location: 2F
1-1: Ground out 6-3 (Groundball, 6)
Batting: LHB Jack Donohue 0-0: Ball
1-0: Ground out 4-3 (Groundball, 4)
Top of the 3rd over - 0 runs, 0 hits, 0 errors, 0 left on base; Lannister United 4 - Lancaster 2
BOTTOM OF THE 3RD
Lancaster Farmers batting - Pitching for Lannister United Lionhearts : LHP Tony Torres
Batting: RHB Sergio Torres 0-0: Ball
1-0: Ball
2-0: Foul Ball, location: 2F
2-1: Foul Ball, location: 2F
2-2: Foul Ball, location: 2F
2-2: Foul Ball, location: 2F
2-2: Foul Ball, location: 2F
2-2: Strikes out swinging
Batting: RHB José Xirau 0-0: Ball
1-0: Called Strike
1-1: Ball
2-1: Ball
3-1: Foul Ball, location: 2F
3-2: Foul Ball, location: 2F
3-2: Base on Balls
Batting: RHB Miguel Rodríguez 0-0: Ball
1-0: Called Strike
1-1: Ball
2-1: Foul Ball, location: 2F
2-2: Foul Ball, location: 2F
2-2: Ball
3-2: Fly out, F7 (Flyball, 78D)
Batting: RHB Domingo Altamiraño 0-0: Fly out, F4 (Line Drive, 4)
Bottom of the 3rd over - 0 runs, 0 hits, 0 errors, 1 left on base; Lannister United 4 - Lancaster 2
TOP OF THE 4TH
Lannister United Lionhearts batting - Pitching for Lancaster Farmers : RHP Alexander Eatwell
Batting: RHB Gilberto Clemente 0-0: Ball
1-0: SINGLE (Groundball, 4MD)
Batting: RHB Riley Walker 0-0: Ball
1-0: Ball
2-0: Ball
3-0: Called Strike
3-1: SINGLE (Groundball, 56D)
Gilberto Clemente to second
Batting: SHB Bren Spillane 0-0: Called Strike
0-1: Called Strike
0-2: Strikes out swinging
Batting: RHB Bill Boyd 0-0: Ball
1-0: Foul Ball, location: 2F
1-1: Ball
2-1: Ball
3-1: Base on Balls
Gilberto Clemente to third
Riley Walker to second
Batting: LHB Michael Witt 0-0: Hit by Pitch
Gilberto Clemente scores
Riley Walker to third
Bill Boyd to second
Batting: RHB Chong-yee Au-Yong 0-0: Called Strike
0-1: Swinging Strike
0-2: Fly out, F9 (Flyball, 9S)
Batting: SHB Vernon T. Waldrip 0-0: Ball
1-0: SINGLE (Groundball, 34D)
Riley Walker scores
Bill Boyd to third
Michael Witt to second
Runner from 3rd tries for Home, SAFE, no throw
Pitching: RHP Fidelio Zeri
Batting: LHB Takahiro Suzuki 0-0: Called Strike
0-1: Swinging Strike
0-2: Foul Ball, location: 2F
0-2: Ball
1-2: Ball
2-2: Foul Ball, location: 2F
2-2: 3-RUN HOME RUN (Flyball, 7LD), Distance : 374 ft
Batting: LHB Jack Donohue 0-0: Ball
1-0: Fly out, F5 (Popup, 5SF)
Top of the 4th over - 6 runs, 4 hits, 0 errors, 0 left on base; Lannister United 10 - Lancaster 2
BOTTOM OF THE 4TH
Lancaster Farmers batting - Pitching for Lannister United Lionhearts : LHP Tony Torres
Batting: LHB Sébastien Cornu 0-0: Swinging Strike
0-1: Foul Ball, location: 2F
0-2: Ball
1-2: Ball
2-2: Ball
3-2: Strikes out swinging
Batting: RHB Min-tae Yi 0-0: Called Strike
0-1: SINGLE (Groundball, 56D)
Batting: RHB Jason Slaybaugh 0-0: Called Strike
0-1: Ball
1-1: Swinging Strike
1-2: Strikes out swinging
Batting: RHB Cisco Gómez 0-0: Ball
Min-tae Yi steals 2nd base
1-0: Ball
2-0: Ground out 6-3 (Groundball, 56)
Bottom of the 4th over - 0 runs, 1 hit, 0 errors, 1 left on base; Lannister United 10 - Lancaster 2
TOP OF THE 5TH
Lannister United Lionhearts batting - Pitching for Lancaster Farmers : RHP Fidelio Zeri
Batting: RHB Gilberto Clemente 0-0: Ball
1-0: DOUBLE (Line Drive, 7LM)
Batting: RHB Riley Walker 0-0: Ball
1-0: Swinging Strike
1-1: Fly out, F3 (Popup, 3)
Batting: SHB Bren Spillane 0-0: Ball
1-0: Ball
2-0: Called Strike
2-1: SINGLE (Flyball, 8RS)
Gilberto Clemente to third
Runner from 3rd tries for Home, SAFE, throw made home
Batting: RHB Bill Boyd 0-0: SINGLE (Flyball, 78M)
Bren Spillane to second
Batting: LHB Michael Witt 0-0: Ball
1-0: Ball
Bren Spillane is caught stealing 3rd base
Bill Boyd to second
2-0: Called Strike
2-1: Ground out 4-3 (Groundball, 34)
Top of the 5th over - 1 run, 3 hits, 0 errors, 1 left on base; Lannister United 11 - Lancaster 2
BOTTOM OF THE 5TH
Lancaster Farmers batting - Pitching for Lannister United Lionhearts : LHP Tony Torres
Batting: LHB Alfonso Pacheco 0-0: Called Strike
0-1: Ground out 1-3 (Groundball, P)
Batting: RHB Sergio Torres 0-0: Called Strike
0-1: Foul Ball, location: 2F
0-2: Foul Ball, location: 2F
0-2: Ball
1-2: Ball
2-2: Strikes out swinging
Batting: RHB José Xirau 0-0: Called Strike
0-1: Foul Ball, location: 2F
0-2: Fly out, F7 (Line Drive, 7D)
Bottom of the 5th over - 0 runs, 0 hits, 0 errors, 0 left on base; Lannister United 11 - Lancaster 2
TOP OF THE 6TH
Lannister United Lionhearts batting - Pitching for Lancaster Farmers : RHP Fidelio Zeri
Batting: RHB Chong-yee Au-Yong 0-0: Ball
1-0: Ball
2-0: Swinging Strike
2-1: Ball
3-1: Base on Balls
Batting: SHB Vernon T. Waldrip 0-0: Called Strike
0-1: SINGLE (Line Drive, 89M)
Chong-yee Au-Yong to second
Runner from 2nd tries for 3rd, SAFE, no throw
Batting: LHB Takahiro Suzuki 0-0: Ball
1-0: Foul Ball, location: 2F
1-1: Ball
2-1: Called Strike
2-2: Foul Ball, location: 2F
2-2: Ball
3-2: SINGLE (Groundball, 4S) (infield hit)
Chong-yee Au-Yong scores
Vernon T. Waldrip to second
Batting: LHB Jack Donohue 0-0: Ball
1-0: Ball
2-0: Ball
3-0: Called Strike
3-1: Base on Balls
Vernon T. Waldrip to third
Takahiro Suzuki to second
Pitching: RHP Jorge Morales
Batting: RHB Gilberto Clemente 0-0: Ball
1-0: SINGLE (Flyball, 78M)
Vernon T. Waldrip scores
Takahiro Suzuki to third
Jack Donohue to second
Batting: RHB Riley Walker 0-0: Called Strike
0-1: Ball
1-1: Foul Ball, location: 2F
1-2: Strikes out swinging
Batting: SHB Bren Spillane 0-0: Ball
1-0: Ball
2-0: Ball
3-0: Called Strike
3-1: DOUBLE (Flyball, 8RXD)
Takahiro Suzuki scores
Jack Donohue scores
Gilberto Clemente to third
Batting: RHB Bill Boyd 0-0: Ball
1-0: Ball
2-0: SINGLE (Line Drive, 78S)
Gilberto Clemente scores
Bren Spillane to third
Runner from 3rd tries for Home, SAFE, no throw
Batting: LHB Michael Witt 0-0: Ball
1-0: Called Strike
1-1: Ground out U3 (Groundball, 34S)
Bill Boyd to second
Batting: RHB Chong-yee Au-Yong 0-0: Called Strike
0-1: Ball
1-1: Called Strike
1-2: Ball
2-2: Ball
3-2: Base on Balls
Batting: SHB Vernon T. Waldrip 0-0: Ball
1-0: Ground out 4-3 (Groundball, 34)
Top of the 6th over - 6 runs, 5 hits, 0 errors, 2 left on base; Lannister United 17 - Lancaster 2
BOTTOM OF THE 6TH
Lancaster Farmers batting - Pitching for Lannister United Lionhearts : LHP Tony Torres
Batting: RHB Miguel Rodríguez 0-0: Ball
1-0: Ball
2-0: Called Strike
2-1: Foul Ball, location: 2F
2-2: Foul Ball, location: 2F
2-2: Ball
3-2: Base on Balls
Batting: RHB Domingo Altamiraño 0-0: Foul Ball, location: 2F
0-1: Called Strike
0-2: Fly out, F7 (Flyball, 78S)
Batting: LHB Sébastien Cornu 0-0: Called Strike
0-1: Fly out, F8 (Flyball, 89M)
Batting: RHB Min-tae Yi 0-0: Ball
1-0: Ball
2-0: Ground out 4-3 (Groundball, 4)
Bottom of the 6th over - 0 runs, 0 hits, 0 errors, 1 left on base; Lannister United 17 - Lancaster 2
TOP OF THE 7TH
Lannister United Lionhearts batting - Pitching for Lancaster Farmers : RHP Jorge Morales
Pinch Hitting: RHB Gonzalo Vásquez 0-0: Ball
1-0: DOUBLE (Groundball, 5L)
Batting: LHB Jack Donohue 0-0: DOUBLE (Line Drive, 7LS)
Gonzalo Vásquez scores
Batting: RHB Gilberto Clemente 0-0: Called Strike
0-1: Ball
1-1: Called Strike
1-2: Strikes out swinging
Batting: RHB Riley Walker 0-0: Called Strike
0-1: Foul Ball, location: 2F
0-2: SINGLE (Line Drive, 78M)
Jack Donohue to third
Batting: SHB Bren Spillane 0-0: Called Strike
0-1: Ball
1-1: Ball
2-1: Ball
3-1: Foul Ball, location: 2F
3-2: Base on Balls
Riley Walker to second
Batting: RHB Bill Boyd 0-0: Foul Ball, location: 2F
0-1: Called Strike
0-2: Fly out, F8 (Flyball, 8RD)
Runner from 3rd tags up, SCORES, throw made
Batting: LHB Michael Witt 0-0: Foul Ball, location: 2F
0-1: Foul Ball, location: 2F
0-2: Ground out 4-3 (Groundball, 4)
Top of the 7th over - 2 runs, 3 hits, 0 errors, 2 left on base; Lannister United 19 - Lancaster 2
BOTTOM OF THE 7TH
Lancaster Farmers batting - Pitching for Lannister United Lionhearts : LHP Tony Torres
Now at 3B: Gonzalo Vásquez
Batting: RHB Jason Slaybaugh 0-0: Ball
1-0: Ball
2-0: Ball
3-0: Base on Balls
Batting: RHB Cisco Gómez 0-0: Ball
1-0: Ball
2-0: Called Strike
2-1: Fly out, F8 (Line Drive, 8LD)
Batting: LHB Alfonso Pacheco 0-0: Called Strike
0-1: Called Strike
0-2: Ball
1-2: Foul Ball, location: 2F
1-2: Ball
Wild Pitch!
Jason Slaybaugh to second
2-2: Strikes out swinging
Batting: RHB Sergio Torres 0-0: Ball
1-0: Called Strike
1-1: Ball
2-1: Foul Ball, location: 2F
2-2: Foul Ball, location: 2F
2-2: Strikes out looking
Bottom of the 7th over - 0 runs, 0 hits, 0 errors, 1 left on base; Lannister United 19 - Lancaster 2
TOP OF THE 8TH
Lannister United Lionhearts batting - Pitching for Lancaster Farmers : RHP Jorge Morales
Batting: RHB Chong-yee Au-Yong 0-0: Ground out U3 (Groundball, 34)
Batting: SHB Vernon T. Waldrip 0-0: Ball
1-0: Foul Ball, location: 2F
1-1: Foul Ball, location: 2F
1-2: Ball
2-2: Ground out 3-1 (Groundball, 34S)
Batting: RHB Gonzalo Vásquez 0-0: Called Strike
0-1: Called Strike
0-2: Ball
1-2: Strikes out looking
Top of the 8th over - 0 runs, 0 hits, 0 errors, 0 left on base; Lannister United 19 - Lancaster 2
BOTTOM OF THE 8TH
Lancaster Farmers batting - Pitching for Lannister United Lionhearts : LHP Tony Torres
Pitching: RHP Joy-shan Men
Batting: RHB José Xirau 0-0: Foul Ball, location: 2F
0-1: Ball
1-1: Ball
2-1: Reached on error, E6 (Groundball, 56)
Batting: RHB Miguel Rodríguez 0-0: Called Strike
0-1: Ball
1-1: Ball
2-1: Called Strike
2-2: Strikes out swinging
Batting: RHB Domingo Altamiraño 0-0: Ball
1-0: Called Strike
1-1: Ball
2-1: SINGLE (Line Drive, 78S)
José Xirau to second
Batting: LHB Sébastien Cornu 0-0: Ball
1-0: Foul Ball, location: 2F
1-1: Ball
2-1: Swinging Strike
2-2: Strikes out swinging
Batting: RHB Min-tae Yi 0-0: Foul Ball, location: 2F
0-1: Ball
1-1: Ball
2-1: Foul Ball, location: 2F
2-2: Ball
3-2: Foul Ball, location: 2F
3-2: Strikes out swinging
Bottom of the 8th over - 0 runs, 1 hit, 1 error, 2 left on base; Lannister United 19 - Lancaster 2
TOP OF THE 9TH
Lannister United Lionhearts batting - Pitching for Lancaster Farmers : RHP Jorge Morales
Batting: LHB Jack Donohue 0-0: TRIPLE (Line Drive, 89D)
Pitching: LHP Ricardo Ramírez
Batting: RHB Gilberto Clemente 0-0: Ball
1-0: Ball
2-0: Ball
3-0: Hit by Pitch
Batting: RHB Riley Walker 0-0: Called Strike
0-1: Ball
1-1: Called Strike
1-2: Foul Ball, location: 2F
1-2: Fly out, F5 (Popup, 5F)
Batting: SHB Bren Spillane 0-0: Ball
1-0: Called Strike
1-1: Called Strike
1-2: Strikes out swinging
Batting: RHB Bill Boyd 0-0: Ball
1-0: Foul Ball, location: 2F
1-1: SINGLE (Groundball, 56) (infield hit)
Jack Donohue scores
Gilberto Clemente to second
Batting: LHB Michael Witt 0-0: Ball
1-0: Foul Ball, location: 2F
1-1: Ball
2-1: Ball
3-1: Base on Balls
Gilberto Clemente to third
Bill Boyd to second
Batting: RHB Chong-yee Au-Yong 0-0: Called Strike
0-1: Called Strike
0-2: SINGLE (Groundball, 34D)
Gilberto Clemente scores
Bill Boyd to third
Michael Witt to second
Runner from 3rd tries for Home, SAFE, no throw
Batting: SHB Vernon T. Waldrip 0-0: Ball
1-0: Foul Ball, location: 2F
1-1: Fly out, F9 (Flyball, 89D)
Top of the 9th over - 3 runs, 3 hits, 0 errors, 2 left on base; Lannister United 22 - Lancaster 2
BOTTOM OF THE 9TH
Lancaster Farmers batting - Pitching for Lannister United Lionhearts : RHP Joy-shan Men
Batting: RHB Jason Slaybaugh 0-0: Called Strike
0-1: Called Strike
0-2: Strikes out swinging
Batting: RHB Cisco Gómez 0-0: Ball
1-0: Fly out, F9 (Flyball, 89M)
Batting: LHB Alfonso Pacheco 0-0: Ball
1-0: Ball
2-0: Foul Ball, location: 2F
2-1: Called Strike
2-2: Ball
3-2: Foul Ball, location: 2F
3-2: Foul Ball, location: 2F
3-2: Foul Ball, location: 2F
3-2: Base on Balls
Batting: RHB Sergio Torres 0-0: Foul Ball, location: 2F
0-1: Ball
1-1: Foul Ball, location: 2F
1-2: SINGLE (Groundball, 6D)
Alfonso Pacheco to second
Batting: RHB José Xirau 0-0: Swinging Strike
0-1: Ball
1-1: Ground out 4-3 (Groundball, 4)
Bottom of the 9th over - 0 runs, 1 hit, 0 errors, 2 left on base; Lannister United 22 - Lancaster 2
Saturday, December 22nd, 2018 - OOTP Baseball 18.8 Build 76